 Dungeon Crawl Stone Soup version 0.27-a0-1296-g8ece459b43 (webtiles) character file.

Game seed: 15083104379325598369

1131 Delamore the Spear-Bearer (level 8, -2/62 HPs)
             Began as a Formicid Fighter on June 16, 2021.
             Killed from afar by an electric eel (9 damage)
             ... with a bolt of electricity
             ... on level 5 of the Dungeon.
             The game lasted 00:04:42 (6073 turns).

Delamore the Spear-Bearer (Formicid Fighter)        Turns: 6073, Time: 00:04:42

Health: -2/62      AC: 21    Str: 24    XL:     8   Next: 62%
Magic:  8/8        EV:  8    Int:  7    God:
Gold:   291        SH:  9    Dex: 10    Spells: 7/7 levels left

rFire    . . .     SeeInvis +   a - +0 trident (protect)
rCold    . . .     Faith    .   c - +0 kite shield
rNeg     . . .     Spirit   .   b - +0 scale mail
rPois    .         Reflect  .   (helmet unavailable)
rElec    .         Harm     .   (no cloak)
rCorr    .         Rampage  .   s - +1 pair of gloves
Will     +....                  g - +0 pair of boots
Stlth    ..........             (no amulet)
HPRegen  0.20/turn              e - ring of willpower
MPRegen  0.11/turn              n - +4 ring of protection

@: under a protective aura
A: permanent stasis, dig shafts and tunnels, antennae 3, four strong arms
a: Dig, Shaft Self


You were on level 5 of the Dungeon.
You visited 2 branches of the dungeon, and saw 6 of its levels.

You collected 291 gold pieces.

Inventory:

Hand Weapons
 a - a +0 trident of protection (weapon)
Missiles
 p - 2 silver boomerangs
 u - 23 poisoned darts (quivered)
Armour
 b - a +0 scale mail (worn)
 c - a +0 kite shield (worn)
 g - a +0 pair of boots (worn)
 s - a +1 pair of gloves (worn)
Jewellery
 e - a ring of willpower (left hand)
 k - a ring of see invisible
 l - a ring of positive energy
 n - a +4 ring of protection (right hand)
 t - an amulet of the acrobat
Scrolls
 i - 2 scrolls of magic mapping
 r - a scroll of vulnerability {unknown}
 v - a scroll of summoning {unknown}
Potions
 d - a potion of might
 f - a potion of degeneration
 h - a potion of ambrosia {unknown}
 j - 2 potions of cancellation {unknown}
 m - a potion of flight {unknown}
 o - a potion of curing {unknown}
 q - a potion of magic {unknown}


   Skills:
 - Level 5.0 Fighting
 * Level 9.2 Polearms
 - Level 3.2 Armour
 - Level 3.6 Shields


You had 7 spell levels left.
You didn't know any spells.
Your spell library was empty.

Dungeon Overview and Level Annotations

Branches:
Dungeon (5/15)             Temple (1/1) D:4

Altars:
Ashenzari
Cheibriados
Dithmenos
Fedhas
Hepliaklqana
Makhleb
Nemelex Xobeh
Okawaru
Qazlal
Uskayaw
Vehumet
Xom
Yredelemnul
Zin
The Shining One


Innate Abilities, Weirdness & Mutations

You cannot be hasted, slowed, berserked, paralysed or teleported.
You can dig through walls and to a lower floor.
You have a pair of large antennae on your head. (SInv)
Your four strong arms can wield two-handed weapons with a shield.


Message History

* * * LOW HITPOINT WARNING * * *
You start resting.
HP restored.
The electric eel shoots out a bolt of lightning at you!
The bolt of electricity hits you! The bolt of electricity hits you.
Reach: a) +0 trident (protect)
Press: ? - help, Dir - move target, f - electric eel
Aim: an electric eel (water, about 56% to evade your +0 trident of protection)
You reach to attack!
You closely miss the electric eel.
The electric eel shoots out a bolt of lightning at you!
The bolt of electricity hits you.
The bolt of electricity hits you but does no damage.
Reach: a) +0 trident (protect)
Press: ? - help, Dir - move target, f/p - electric eel
Aim: an electric eel (water, about 56% to evade your +0 trident of protection)
You reach to attack!
You miss the electric eel.
The electric eel shoots out a bolt of lightning at you!
The bolt of electricity hits the electric eel.
The electric eel completely resists.
The bolt of electricity hits you! The bolt of electricity misses you.
The electric eel shoots out a bolt of lightning at you!
The bolt of electricity hits you! x2
* * * LOW HITPOINT WARNING * * *
Reach: a) +0 trident (protect)
Press: ? - help, Dir - move target, f/p - electric eel
Aim: an electric eel (water, about 56% to evade your +0 trident of protection)
You reach to attack!
You puncture the electric eel!
Your weapon exudes an aura of protection.
The electric eel is severely wounded.
The electric eel shoots out a bolt of lightning at you!
The bolt of electricity hits the electric eel.
The electric eel completely resists.
The bolt of electricity hits you.
* * * LOW HITPOINT WARNING * * *
The bolt of electricity hits you.
* * * LOW HITPOINT WARNING * * *
The electric eel shoots out a bolt of lightning at you!
The bolt of electricity hits you.
* * * LOW HITPOINT WARNING * * *
The bolt of electricity hits you!
You die...

# #..#####.... #.######.#### #
###+ #.....#.#..#......# #
#≈..PP#≈#..#......# #
#.....#.PP.(#≈##.....#..#
#≈..≈P#.?≈.?#≈#####.....#
#.P.P!#≈≈≈;≈#≈#####.#...#
#[≈${.##≈≈;##≈##....#..##
#≈≈$≈≈#####.≈##.>...#..###
#######;;;##≈)..@####.........#
......#####≈###### ###.##...#.#
####..'...≈##.## #........#.#
##.######...#####.#.#....#.#
##.#######...........)....#
#....#....#####.#.#.#.#..#
###..#..### #.....#.#..#
##.#.##########.###.#..# #
#..............###.#..#


You could see 2 electric eels.

Vanquished Creatures
  A yak (D:5)
  Sigmund (D:3)
  An ogre (D:5)
  A centaur (D:4)
  A bullfrog (D:5)
  An electric eel (D:5)
  A centaur zombie (D:4)
  A bullfrog zombie (D:3)
  A bullfrog skeleton (D:5)
  3 orc priests
  3 hounds (D:5)
  A jelly (D:2)
  Terence (D:4)
  An iguana (D:4)
  An orc wizard (D:5)
  Natasha (D:3)
  A hound skeleton (D:5)
  4 adders
  2 ufetubi
  2 worms
  5 dart slugs
  7 orcs
  7 ball pythons
  5 endoplasms
  3 giant cockroaches
  6 hobgoblins
  4 jackals (D:4)
  9 kobolds
  3 quokkas
  6 bats
  2 frilled lizards (D:2)
  12 goblins
  8 rats
  A spectral goblin (D:4)
107 creatures vanquished.

Notes
Turn   | Place    | Note
-------+----------+-------------------------------------------
     0 | D:1      | Delamore the Formicid Fighter began the quest for the Orb.
     0 | D:1      | Reached XP level 1. HP: 18/18 MP: 1/1
   121 | D:1      | Reached XP level 2. HP: 24/24 MP: 2/2
   581 | D:1      | Found a faded altar of an unknown god.
   686 | D:1      | Reached XP level 3. HP: 30/30 MP: 3/3
   936 | D:1      | Reached skill level 3 in Polearms
  1269 | D:2      | Reached XP level 4. HP: 25/37 MP: 4/4
  1389 | D:2      | Found a sparkling altar of Nemelex Xobeh.
  1703 | D:2      | Reached skill level 4 in Polearms
  2103 | D:3      | Reached XP level 5. HP: 42/42 MP: 5/5
  2212 | D:3      | Noticed Terence
  2212 | D:3      | Noticed Sigmund
  2254 | D:4      | Killed Terence
  2559 | D:3      | Killed Sigmund
  2560 | D:3      | Reached skill level 5 in Fighting
  2560 | D:3      | Reached skill level 5 in Polearms
  2560 | D:3      | Reached XP level 6. HP: 43/51 MP: 6/6
  3012 | D:3      | Noticed Natasha
  3020 | D:3      | Killed Natasha
  3021 | D:3      | Reached skill level 6 in Polearms
  3021 | D:3      | Reached XP level 7. HP: 55/56 MP: 7/7
  3898 | D:4      | Found a staircase to the Ecumenical Temple.
  3941 | Temple   | Entered the Ecumenical Temple
  4333 | D:4      | Reached skill level 7 in Polearms
  4632 | D:4      | Found a hazy altar of Hepliaklqana.
  4698 | D:5      | Entered Level 5 of the Dungeon
  4792 | D:5      | Reached XP level 8. HP: 40/62 MP: 8/8
  5128 | D:5      | Reached skill level 8 in Polearms
  5591 | D:5      | Found a blossoming altar of Fedhas.
  5677 | D:5      | Noticed a yak
  5691 | D:5      | Killed a yak
  5692 | D:5      | Reached skill level 9 in Polearms
  6073 | D:5      | Killed from afar by an electric eel

Illustrated notes

Levels and vault maps discovered:
D:1:      onia_arrival_mini_maze, layout_loops_ring,
          shapermc_ecumenical_altar_hornbeckon
D:2:      layout_basic, basic_altar, supply_closet_lemuel, grunt_ministairs_5,
          minivault_26
D:3:      minmay_diamond_boxcup, layout_loops_ring, kennysheep_doodads,
          due_unseen_surprise, uniq_natasha, uniq_terence, uniq_sigmund
D:4:      layout_loops_corners, nicolae_hepliaklqana_monster_ancestors,
          minmay_temple_entry_butterflies
D:5:      cheibrodos_two_vegetables, layout_loops_ring, kennysheep_mini_moat,
          hangedman_glass_teeth
Temple:   oiseaux_autumnal_temple

Skill      XL: |  1  2  3  4  5  6  7  8 |
---------------+-------------------------+-----
Polearms       | 3 4 5 6 7 9 |  9.2
Fighting       | 4 5 |  5.0
Armour         | |  3.2
Shields        | |  3.6

Action                   |  1- 3 |  4- 6 |  7- 9 || total
-------------------------+-------+-------+-------++-------
Melee: Trident           |    98 |   171 |   178 ||   447
Throw: Dart              |       |       |     4 ||     4
 Abil: Dig               |       |     4 |     1 ||     5
  Use: Scroll            |     4 |     3 |       ||     7
Armor: Scale mail        |    31 |    72 |    72 ||   175
Dodge: Dodged            |    29 |    50 |    56 ||   135
Block: Kite shield       |    45 |    76 |    61 ||   182

Table legend: (Time is in decaauts)
 A = Elapsed time spent in this place.
 B = Non-inter-level travel time spent in this place.
 C = Inter-level travel time spent in this place.
 D = Time resting spent in this place.
 E = Time spent auto-exploring this place.
 F = Levels seen in this place.
 G = Mean time per level.
                   A        B        C        D        E       F      G
               +--------+--------+--------+--------+--------+-----+--------+
         Total |   6203 |   5926 |    277 |    656 |   4326 |   6 | 1033.8 |
       Dungeon |   5882 |   5643 |    239 |    656 |   4045 |   5 | 1176.4 |
        Temple |    321 |    283 |     38 |      0 |    281 |   1 |  321.0 |
               +--------+--------+--------+--------+--------+-----+--------+

Top non-repeatable levels by time:
     D:5: 1398 daAuts
     D:4: 1333 daAuts
     D:3: 1100 daAuts
     D:1: 1042 daAuts
     D:2: 1007 daAuts
  Temple: 321 daAuts
